 Dungeon Crawl Stone Soup version 0.24.0-13-gcf9b319 (webtiles) character file.

Game seed: 15667273233575910090, levelgen mode: deterministic

2396 Bronimir the Spear-Bearer (level 9, 0/68 HPs)
             Began as a Demonspawn Gladiator on Apr 9, 2020.
             Was a Believer of Okawaru.
             Slain by Prince Ribbit (18 damage)
             ... on level 7 of the Dungeon.
             The game lasted 00:17:21 (6212 turns).

Bronimir the Spear-Bearer (Demonspawn Gladiator)    Turns: 6212, Time: 00:17:21

Health: 0/68       AC:  9    Str: 20    XL:     9   Next: 22%
Magic:  6/9        EV: 14    Int:  9    God:    Okawaru [**....]
Gold:   237        SH:  0    Dex: 15    Spells: 4/9 levels left

rFire    . . .     SeeInvis .   b - +0 shortbow
rCold    . . .     Gourm    .   (shield currently unavailable)
rNeg     . . .     Faith    .   m - +3 leather armour
rPois    .         Spirit   .   c - +0 helmet
rElec    .         Reflect  .   (no cloak)
rCorr    .         Harm     .   (no gloves)
MR       .....                  q - +0 pair of boots
Stlth    ++........             (no amulet)
HPRegen  0.21/turn              H - +2 ring of strength
MPRegen  0.11/turn              (no ring)

@: very slightly contaminated
A: claws 1, hooves 2, powered by death 2
a: Heroism, Renounce Religion


You were on level 7 of the Dungeon.
You worshipped Okawaru.
Okawaru was pleased with you.
You were not hungry.

You visited 2 branches of the dungeon, and saw 8 of its levels.
You also visited: Sewer.

You collected 372 gold pieces.
You spent 135 gold pieces at shops.

Inventory:

Hand Weapons
 a - a +3 halberd
 b - a +0 shortbow (weapon)
 N - a +0 hunting sling
Missiles
 d - 4 throwing nets
 h - 97 stones
 i - 101 arrows (quivered)
 n - 70 bolts
 y - 9 poisoned darts
 C - 44 sling bullets
Armour
 c - a +0 helmet (worn)
 m - a +3 leather armour (worn)
 q - a +0 pair of boots (worn)
 u - a +0 leather armour
 G - a +0 scale mail
 J - a +2 buckler
Jewellery
 H - a +2 ring of strength (left claw)
 L - an uncursed ring of resist corrosion {unknown}
Wands
 A - a wand of polymorph (16)
 F - a wand of random effects (16)
Scrolls
 e - 3 scrolls of remove curse
 g - 3 scrolls of magic mapping
 k - 9 scrolls of identify
 o - a scroll of enchant weapon
 r - a scroll of blinking
Potions
 j - 2 potions of brilliance
 l - 3 potions of lignification {unknown}
 t - a potion of heal wounds
 v - 3 potions of berserk rage {unknown}
 w - a potion of ambrosia {unknown}
 B - 2 potions of degeneration {unknown}
 D - 2 potions of might {unknown}
 I - a potion of agility {unknown}
Comestibles
 f - 12 rations


   Skills:
 + Level 5.1 Fighting
 * Level 8.1 Polearms
 + Level 1.8 Throwing
 * Level 4.8 Armour
 + Level 4.6 Dodging
 + Level 1.1 Stealth
 * Level 2.4 Shields
 * Level 0.5 Spellcasting
 * Level 0.5 Fire Magic
 * Level 1.2 Invocations


You had 4 spell levels left.
You knew the following spells:

 Your Spells              Type           Power        Failure   Level  Hunger
a - Flame Tongue          Conj/Fire      #....        38%         1    ##.....
b - Sticky Flame          Conj/Fire      #.......     99%         4    #####..

Your spell library contained the following spells:

 Spells                   Type           Power        Failure   Level  Hunger
 Throw Flame              Conj/Fire      #.....       52%         2    ###....
 Conjure Flame            Conj/Fire      #.......     77%         3    ####...
 Inner Flame              Hex/Fire       #.......     77%         3    ####...
 Fireball                 Conj/Fire      #.........   100%        5    ######.


Dungeon Overview and Level Annotations

Branches:
Dungeon (7/15)             Temple (1/1) D:6           Sewer (visited)

Altars:
Ashenzari
Cheibriados
Elyvilon
Fedhas
Gozag
Kikubaaqudgha
Makhleb
Okawaru
Qazlal
Sif Muna
Trog
Vehumet
Wu Jian
Yredelemnul
Zin
The Shining One

Shops:
D:6 [

Annotations:
D:5 2 runed translucent doors, midijamz's ghost, novice MiBe
D:7 Prince Ribbit


Innate Abilities, Weirdness & Mutations

You have sharp fingernails.
You have hoof-like feet.
You regenerate health from kills.


Message History

Prince Ribbit is almost dead.
Casting: Flame Tongue (safe; 38% risk of failure)
Confirm with . or Enter, or press ? or * to list all spells.
Aiming: Flame Tongue (safe; 38% risk of failure)
Press: ? - help, Shift-Dir - straight line, f/p - Prince Ribbit
Aim: Prince Ribbit (almost dead)
The flame tongue misses Prince Ribbit.
Prince Ribbit mumbles some strange words.
Prince Ribbit looks slightly unstable.
Casting: Flame Tongue (safe; 38% risk of failure)
Confirm with . or Enter, or press ? or * to list all spells.
Aiming: Flame Tongue (safe; 38% risk of failure)
Press: ? - help, Shift-Dir - straight line, f/p - Prince Ribbit
Aim: Prince Ribbit (almost dead)
You miscast Flame Tongue.
You have a brief vision of globes of primordial fire.
Prince Ribbit hits you!
* * * LOW HITPOINT WARNING * * *
Prince Ribbit hits you!!
You die...

*,**##§§§§..#.............####.##
*** ##§§..###.........)>......##
*#..#.# ##....>.###.....##.#
#.....# ##)..### ##...#####
***##.#### ##(## ##..#
**,,,..##.** ##.# #..#
**,,,...##..####..# ##.#
*,,,...#*#.......## #.# ,*,,,,**
#......@## #.# *******
#.#...F..### ##.# *#.#..##..(####
#..##### #(.(#*#.((...###.......
**** ##..* #.####...........
**,,** #[***#.# ##..........
*,,,,* #,,**..# ##........#
****,***,**#.##* #........#
**,*,*,,..,,* ###........#


You could see Prince Ribbit.

Vanquished Creatures
  A hippogriff (D:7)
  A hungry ghost (D:7)
  Menkaure (D:6)
  Duvessa (D:7)
  A black bear (D:7)
  An ogre (D:5)
  2 phantoms
  A centaur (D:7)
  A crocodile (Sewer)
  Blork the orc (D:6)
  2 bullfrogs (D:6)
  Dowan (D:7)
  3 scorpions
  2 crimson imps
  2 hounds (D:4)
  A centaur skeleton (D:7)
  2 orc priests (D:7)
  A gnoll shaman (D:7)
  A jelly (D:5)
  5 orc wizards
  2 iguanas
  4 worker ants
  13 gnolls
  4 adders
  2 shadow imps
  An ooze (D:3)
  2 adder skeletons
  2 worms (D:3)
  4 dart slugs
  A leopard gecko (D:3)
  28 orcs
  2 ball pythons (D:3)
  7 giant cockroaches
  7 goblins
  4 hobgoblins
  12 jackals
  4 quokkas
  6 bats
  6 frilled lizards
  12 kobolds
  A leopard gecko zombie (D:5)
  A quokka skeleton (D:4)
  5 rats
161 creatures vanquished.

Vanquished Creatures (others)
  An orc warrior (D:7)
  A jelly (D:5)
2 creatures vanquished.

Grand Total: 163 creatures vanquished

Notes
Turn   | Place    | Note
-------+----------+-------------------------------------------
     0 | D:1      | Bronimir the Demonspawn Gladiator began the quest for the
                  | Orb.
     0 | D:1      | Reached XP level 1. HP: 16/16 MP: 1/1
    33 | D:1      | Gained mutation: You have large cloven feet. [demonic
                  | ancestry]
    33 | D:1      | Reached XP level 2. HP: 20/22 MP: 2/2
   148 | D:1      | Reached skill level 3 in Polearms
   674 | D:2      | Gained mutation: You have sharp fingernails. [demonic
                  | ancestry]
   674 | D:2      | Reached XP level 3. HP: 28/28 MP: 3/3
  1432 | D:3      | Reached skill level 1 in Armour
  1448 | D:3      | Gained mutation: You regenerate a little health from kills.
                  | [demonic ancestry]
  1448 | D:3      | Reached XP level 4. HP: 34/34 MP: 4/4
  1710 | D:3      | Found a glowing drain.
  1732 | Sewer    | Entered a sewer
  1972 | Sewer    | Noticed a crocodile
  1998 | Sewer    | HP: 1/34 [crocodile (8)]
  2006 | Sewer    | HP: 1/34 [crocodile (14)]
  2019 | Sewer    | Killed a crocodile
  2019 | Sewer    | Reached skill level 4 in Polearms
  2019 | Sewer    | Reached XP level 5. HP: 8/40 MP: 5/5
  2668 | D:4      | Found a shimmering blue altar of Sif Muna.
  2698 | D:4      | Gained mutation: You have hoof-like feet. [demonic
                  | ancestry]
  2698 | D:4      | Reached XP level 6. HP: 23/47 MP: 6/6
  3251 | D:4      | Reached skill level 5 in Polearms
  3596 | D:5      | Entered Level 5 of the Dungeon
  3607 | D:5      | Gained mutation: You regenerate health from kills. [demonic
                  | ancestry]
  3607 | D:5      | Reached XP level 7. HP: 46/52 MP: 7/7
  3669 | D:5      | Reached skill level 1 in Stealth
  3822 | D:5      | Found a shattered altar of Ashenzari.
  3904 | D:5      | Found a runed translucent door.
  3918 | D:5      | HP: 1/53 [ogre/+0 giant club (18)]
  4145 | D:5      | Noticed midijamz's ghost (novice MiBe)
  4289 | D:5      | Found a runed translucent door.
  4376 | D:5      | Found a white marble altar of Elyvilon.
  4384 | D:5      | Reached skill level 6 in Polearms
  4556 | D:6      | Reached XP level 8. HP: 60/60 MP: 8/8
  4581 | D:6      | Noticed Menkaure
  4719 | D:6      | Killed Menkaure
  4727 | D:6      | Found Tipeod's Antique Armour Shoppe.
  4736 | D:6      | Bought a runed buckler for 135 gold pieces
  4761 | D:6      | Found an iron altar of Okawaru.
  4846 | D:6      | Found a staircase to the Ecumenical Temple.
  4872 | Temple   | Entered the Ecumenical Temple
  4995 | D:6      | Became a worshipper of Warmaster Okawaru
  5119 | D:6      | Noticed Blork the orc
  5123 | D:6      | Killed Blork the orc
  5126 | D:6      | Found a shimmering blue altar of Sif Muna.
  5163 | D:7      | Reached skill level 1 in Shields
  5166 | D:7      | Reached skill level 7 in Polearms
  5230 | D:7      | Reached * piety under Okawaru
  5593 | D:7      | Noticed a hippogriff
  5610 | D:7      | Killed a hippogriff
  5610 | D:7      | Reached ** piety under Okawaru
  5610 | D:7      | Reached skill level 5 in Fighting
  5610 | D:7      | Reached XP level 9. HP: 30/68 MP: 9/9
  5784 | D:7      | Learned a level 1 spell: Flame Tongue
  5790 | D:7      | Learned a level 4 spell: Sticky Flame
  5910 | D:7      | Noticed Dowan
  5910 | D:7      | Noticed Duvessa
  5947 | D:7      | Killed Duvessa
  5947 | D:7      | Reached skill level 8 in Polearms
  5952 | D:7      | Killed Dowan
  6054 | D:7      | Reached skill level 1 in Invocations
  6173 | D:7      | Noticed Prince Ribbit
  6198 | D:7      | HP: 1/68 [Prince Ribbit (18)]
  6212 | D:7      | Slain by Prince Ribbit

Levels and vault maps discovered:
D:1:      nicolae_arrival_washed_ashore, layout_rooms
D:2:      layout_loops_ring, nrook_mini_vaults, grunt_decor_one_mirror
D:3:      layout_loops_ring, cheibrodos_sewer_entry_drain, st_stairs_3
D:4:      layout_loops_ring, lemuel_crystal_altar, first_ration
D:5:      layout_basic, evilmike_ruin_ashenzari, elyvilon_altar_1,
          ebering_ghost_sewer_f, serial_bayou_pond_c
D:6:      layout_rooms, kennysheep_okawaru_gauntlet, minmay_temple_entry_glass,
          serial_shops, nicolae_shop_statue_plus, tgw_sif, uniq_menkaure
D:7:      layout_layer_cave, the_bakery, uniq_duvessa, uniq_crazy_yiuf_cottage,
          uniq_prince_ribbit1
Temple:   nicolae_temple_hex_pool

Skill      XL: |  1  2  3  4  5  6  7  8  9 |
---------------+----------------------------+-----
Dodging        | 3 4 |  4.6
Polearms       | 3 4 5 6 7 8 |  8.1
Armour         | 1 2 3 4 |  4.8
Fighting       | 3 4 5 |  5.1
Stealth        | 1 |  1.1
Shields        | 2 |  2.4
Invocations    | 1 |  1.2
Throwing       | |  1.8
Spellcasting   | |  0.5
Fire Magic     | |  0.5

Action                   |  1- 3 |  4- 6 |  7- 9 || total
-------------------------+-------+-------+-------++-------
Melee: Trident           |    83 |       |   133 ||   216
       Kick              |     9 |       |       ||     9
       Halberd           |    28 |   221 |    92 ||   341
       Spear             |       |       |   142 ||   142
 Fire: Shortbow          |       |       |    22 ||    22
Throw: Dart              |       |     3 |       ||     3
 Cast: Flame Tongue      |       |       |     1 ||     1
  Use: Potion            |       |     3 |     2 ||     5
       Scroll            |       |       |    12 ||    12
 Stab: Sleeping          |     3 |     4 |       ||     7
       Distracted        |     1 |     1 |       ||     2
  Eat: Chunk             |     2 |     7 |     5 ||    14
       Ration            |       |       |     3 ||     3
Armor: Leather armour    |    27 |    27 |     6 ||    60
       Scale mail        |       |    28 |   117 ||   145
Dodge: Dodged            |    80 |   140 |   179 ||   399
Block: Buckler           |       |       |    55 ||    55
